 Dungeon Crawl Stone Soup version 0.25.0-26-g0c896c7088 (webtiles) character file.

Game seed: 3908989213914955010

20 Danqa the Sneak (level 2, 0/13 HPs)
             Began as a Spriggan Enchanter on July 4, 2020.
             Succumbed to an adder's poison
             ... on level 1 of the Dungeon.
             The game lasted 00:01:46 (876 turns).

Danqa the Sneak (Spriggan Enchanter)                 Turns: 876, Time: 00:01:46

Health: 0/13       AC:  3    Str:  4    XL:     2   Next: 58%
Magic:  0/6        EV: 19    Int: 16    God:
Gold:   94         SH:  0    Dex: 16    Spells: 5/6 levels left

rFire    . . .     SeeInvis +   a - +1 dagger
rCold    . . .     Gourm    .   (shield restricted)
rNeg     . . .     Faith    .   b - +0 robe
rPois    .         Spirit   +   f - +1 hat
rElec    .         Reflect  .   (no cloak)
rCorr    .         Harm     .   (gloves unavailable)
MR       .....                  (boots unavailable)
Stlth    +++.......             c - amulet of guardian spirit
HPRegen  0.04/turn              (no ring)
MPRegen  0.10/turn              (no ring)

@: lethally poisoned (0 -> -2), very quick
A: very small, unfitting armour, see invisible, herbivore, speed 3, slow
metabolism 2
a: no special abilities


You were on level 1 of the Dungeon.
You were not hungry.

You visited 1 branch of the dungeon, and saw 2 of its levels.

You collected 94 gold pieces.

Inventory:

Hand Weapons
 a - a +1 dagger (weapon)
Armour
 b - a +0 robe (worn)
 f - a +1 hat (worn)
Jewellery
 c - an amulet of guardian spirit (around neck)
 g - an uncursed amulet of reflection
Comestibles
 d - 2 rations


   Skills:
 + Level 1.3 Short Blades
 + Level 3.5 Dodging
 + Level 4.9 Stealth
 + Level 2.9 Spellcasting
 + Level 3.9 Hexes


You had 5 spell levels left.
You knew the following spells:

 Your Spells              Type           Power        Failure   Level  Hunger
a - Corona                Hex            ###....      3%          1    #......

Your spell library contained the following spells:

 Spells                   Type           Power        Failure   Level  Hunger
 Confusing Touch          Hex            ###.....     11%         3    ###....
 Tukima's Dance           Hex            ###.....     11%         3    ###....
 Ensorcelled Hibernation  Hex/Ice        #.....       13%         2    ##.....
 Dazzling Flash           Conj/Hex       #.....       26%         3    ###....


Dungeon Overview and Level Annotations

Branches:
Dungeon (2/15)

Altars:


Innate Abilities, Weirdness & Mutations

You are very small and have problems with some larger weapons.
You are too small for most types of armour.
You have supernaturally acute eyesight. (SInv)
You are a herbivore.
You cover ground extremely quickly.
You need to consume almost no food.


Message History

There is a stone staircase leading up here.
You climb upwards.
There is a stone staircase leading down here.
You aren't carrying any potions.
You aren't carrying any potions.
There is a lethal amount of poison in your body!
Okay, then.
Your injuries prevent the amulet from attuning itself.
g - an amulet of reflection (around neck)
You remove your amulet of reflection.
* * * LOW HITPOINT WARNING * * *
You feel sick.
You feel your power drawn to a protective spirit.
c - an amulet of guardian spirit (around neck)
As you read the scroll labeled QOTTOR NURINT, it crumbles to dust.
It is a scroll of identify.
You don't have any unidentified items.
There is a lethal amount of poison in your body!
There is a lethal amount of poison in your body!
You die...

.....###..#...########
.###########.........#
+##...######..######.#
..+.#.....##..# ###.#
<.#####.#..'..# #...#
..'...#.####..# #.###
'####.#.####..# #.#
.####.#...##..####.#
....#.###.#.....@..#
###.#...##'..#####>#
....###.##...# #.#
#####...#....# #.#
...#..###....#####.#
##.#.##...........)#
...##'....♣..#####.#
'###...............#
.............#######


There were no monsters in sight!

Vanquished Creatures
  A dart slug (D:1)
  A ball python (D:1)
  2 giant cockroaches
  2 goblins
  3 hobgoblins (D:1)
  4 kobolds
  A frilled lizard (D:1)
  3 rats (D:1)
17 creatures vanquished.

Notes
Turn   | Place    | Note
-------+----------+-------------------------------------------
     0 | D:1      | Danqa the Spriggan Enchanter began the quest for the Orb.
     0 | D:1      | Reached XP level 1. HP: 9/9 MP: 5/5
   361 | D:1      | Reached XP level 2. HP: 13/13 MP: 6/6
   876 | D:1      | Succumbed to an adder's poison

Illustrated notes

Levels and vault maps discovered:
D:1:      nicolae_arrival_somewhat_less_tricky_arrival, layout_loops_ring
D:2:      layout_rooms, uniq_jessica

Action                   || total
-------------------------++-------
Melee: Dagger            ||    60
  Use: Scroll            ||     1
 Stab: Sleeping          ||     6
Armor: Robe              ||     3
Dodge: Dodged            ||    45
